 Dungeon Crawl Stone Soup version 0.25.0-11-g1f837a76a1 (webtiles) character file.

Game seed: 9551020544420881564

401 nikku the Skirmisher (level 6, -2/49 HPs)
             Began as a Demonspawn Fighter on June 26, 2020.
             Was an Initiate of Makhleb.
             Slain by an ogre
             ... wielding a +0 giant club
              (20 damage)
             ... on level 4 of the Dungeon.
             The game lasted 00:08:25 (3063 turns).

nikku the Skirmisher (Demonspawn Fighter)           Turns: 3063, Time: 00:08:26

Health: -2/49      AC:  9    Str: 19    XL:     6   Next: 54%
Magic:  6/6        EV:  7    Int:  9    God:    Makhleb [......]
Gold:   190        SH:  9    Dex: 12    Spells: 5/5 levels left

rFire    . . .     SeeInvis .   a - +1 war axe
rCold    . . .     Gourm    .   c - +0 kite shield
rNeg     . . .     Faith    .   b - +0 scale mail
rPois    .         Spirit   .   (helmet unavailable)
rElec    .         Reflect  .   s - +0 cloak
rCorr    .         Harm     .   l - +0 pair of gloves
MR       .....                  (no boots)
Stlth    +.........             t - amulet of the acrobat
HPRegen  0.16/turn              q - +4 ring of slaying
MPRegen  0.10/turn              (no ring)

@: mighty
A: horns 3, nightstalker 1
a: Renounce Religion


You were on level 4 of the Dungeon.
You worshipped Makhleb.
Makhleb was noncommittal.
You were not hungry.

You visited 2 branches of the dungeon, and saw 5 of its levels.

You collected 190 gold pieces.

Inventory:

Hand Weapons
 a - a +1 war axe (weapon)
Missiles
 p - 9 poisoned darts (quivered)
 A - 2 boomerangs
Armour
 b - a +0 scale mail (worn)
 c - a +0 kite shield (worn)
 l - a +0 pair of gloves (worn)
 s - a +0 cloak (worn)
Jewellery
 q - a +4 ring of slaying (left hand)
 t - an amulet of the acrobat (around neck)
Wands
 w - a wand of enslavement (8)
Scrolls
 m - a scroll of magic mapping
 o - 2 scrolls of teleportation
 u - 2 scrolls of identify
 v - a scroll of remove curse
Potions
 d - 2 potions of might
 g - 4 potions of heal wounds
 j - 2 potions of cancellation
 r - a potion of curing
Comestibles
 f - 8 rations


   Skills:
 + Level 4.5 Fighting
 + Level 3.4 Axes
 + Level 4.0 Armour
 + Level 4.1 Shields


You had 5 spell levels left.
You didn't know any spells.
Your spell library was empty.

Dungeon Overview and Level Annotations

Branches:
Dungeon (4/15)             Temple (1/1) D:4

Altars:
Dithmenos
Elyvilon
Fedhas
Gozag
Hepliaklqana
Kikubaaqudgha
Makhleb
Nemelex Xobeh
Ru
Trog
Vehumet
Wu Jian
Xom
Yredelemnul
Zin


Innate Abilities, Weirdness & Mutations

You have a pair of large horns on your head.
You are slightly more attuned to the shadows.


Message History

There is a staircase back to the Dungeon here.
You climb upwards.
Welcome back to the Dungeon!
You hear the sound of rushing water.
There is an entrance to a sewer on this level.
Hurry and find it before the portal rusts away!
You hear the rusting of a distant drain.
There is a staircase to the Ecumenical Temple here.
Unknown command.
An ogre comes into view. It is wielding a +0 giant club.
You slash the ogre!
The ogre is heavily wounded.
The ogre hits you with a +0 giant club!!
You hit the ogre.
The ogre is heavily wounded.
The ogre hits you with a +0 giant club!
You feel very mighty all of a sudden. The ogre closely misses you.
You slash the ogre! Your headbutt misses the ogre.
The ogre is almost dead.
The ogre hits you with a +0 giant club!!
You die...

≈,*,* ************ ≈,*,*
≈,*,* ,,*,* ,**,* ,*,,*
**,,**
*,,,.#######################
,,,,...........O@..........#
,,,,.##############........#
,,,,** #.#...#..# *,,,*
#[.#.#...###### **,,*
#...>.......... ,*,,*
#..#.#...###### ,**,*
#.#...#.## # ,,*,* #.......#
# ≈,*,** #########


You could see an ogre.

Vanquished Creatures
  A black bear (D:2)
  Crazy Yiuf (D:3)
  Ijyb (D:3)
  2 orc wizards (D:3)
  A worker ant (D:4)
  A gnoll (D:1)
  5 adders
  4 worms
  2 dart slugs
  19 orcs (D:3)
  5 giant cockroaches
  2 hobgoblins
  9 jackals
  11 kobolds
  4 quokkas
  A ball python (D:1)
  9 bats
  2 frilled lizards
  12 goblins
  3 rats
95 creatures vanquished.

Notes
Turn   | Place    | Note
-------+----------+-------------------------------------------
     0 | D:1      | nikku the Demonspawn Fighter began the quest for the Orb.
     0 | D:1      | Reached XP level 1. HP: 18/18 MP: 1/1
   166 | D:1      | Gained mutation: You have a pair of small horns on your
                  | head. [demonic ancestry]
   166 | D:1      | Reached XP level 2. HP: 20/24 MP: 2/2
  1018 | D:1      | Gained mutation: You are slightly more attuned to the
                  | shadows. [demonic ancestry]
  1018 | D:1      | Reached XP level 3. HP: 29/29 MP: 3/3
  1371 | D:2      | Gained mutation: You have a pair of horns on your head.
                  | [demonic ancestry]
  1371 | D:2      | Reached XP level 4. HP: 29/36 MP: 4/4
  1688 | D:2      | Noticed a black bear
  1707 | D:2      | Killed a black bear
  1707 | D:2      | Reached XP level 5. HP: 26/42 MP: 5/5
  2197 | D:3      | Found a runed translucent door.
  2198 | D:3      | Noticed Crazy Yiuf
  2204 | D:3      | Killed Crazy Yiuf
  2300 | D:3      | Gained mutation: You have a pair of large horns on your
                  | head. [demonic ancestry]
  2300 | D:3      | Reached XP level 6. HP: 48/48 MP: 6/6
  2426 | D:3      | Noticed Ijyb
  2431 | D:3      | Killed Ijyb
  2825 | D:4      | Found a staircase to the Ecumenical Temple.
  2833 | Temple   | Entered the Ecumenical Temple
  3012 | Temple   | Became a worshipper of Makhleb the Destroyer
  3063 | D:4      | Slain by an ogre

Illustrated notes

Levels and vault maps discovered:
D:1:      saegor_arrival_simple_b, layout_basic
D:2:      layout_loops_corners, first_ration
D:3:      layout_loops_cross, uniq_ijyb, uniq_crazy_yiuf_cottage
D:4:      layout_basic, minmay_temple_entry_crystal_x, gammafunk_ghost_split,
          cheibrodos_sewer_entry_bend, minmay_misc_feat_plants,
          minmay_fire_ice_demons
Temple:   regret_index_temple_waves

Skill      XL: |  1  2  3  4  5  6 |
---------------+-------------------+-----
Axes           | 2 3 |  3.4
Armour         | 3 4 |  4.0
Shields        | 3 4 |  4.1
Fighting       | 4 |  4.5

Action                   |  1- 3 |  4- 6 || total
-------------------------+-------+-------++-------
Melee: War axe           |    84 |   154 ||   238
       Headbutt          |    12 |    29 ||    41
  Use: Scroll            |     3 |    11 ||    14
       Potion            |       |     1 ||     1
  Eat: Chunk             |     1 |     6 ||     7
Armor: Scale mail        |    57 |    57 ||   114
Dodge: Dodged            |    22 |    50 ||    72
Block: Kite shield       |    65 |    62 ||   127
